 Dungeon Crawl Stone Soup version 0.24-a0-201-gf205589 (webtiles) character file.

Game seed: 2270250863405884289

100 Lanoc the Chopper (level 4, -2/38 HPs)
             Began as a Draconian Gladiator on Mar 23, 2019.
             Slain by an ogre
             ... wielding a +0 giant club
              (25 damage)
             ... on level 4 of the Dungeon.
             The game lasted 00:01:08 (946 turns).

Lanoc the Chopper (Draconian Gladiator)              Turns: 946, Time: 00:01:09

Health: -2/38      AC:  5    Str: 16    XL:     4   Next: 46%
Magic:  4/4        EV: 13    Int:  9    God:
Gold:   25         SH:  0    Dex: 13    Spells: 3/3 levels left

rFire    . . .     SeeInvis .   a - +0 war axe
rCold    . . .     Gourm    .   (no shield)
rNeg     . . .     Faith    .   (armour unavailable)
rPois    .         Spirit   .   b - +0 hat
rElec    .         Reflect  .   (no cloak)
rCorr    .         Harm     .   (no gloves)
MR       .....                  (no boots)
Stlth    +.........             (no amulet)
HPRegen  0.12/turn              (no ring)
MPRegen  0.09/turn              (no ring)

@: no status effects
A: unfitting armour, cold-blooded, AC +5
a: no special abilities


You were on level 4 of the Dungeon.
You were not hungry.

You visited 1 branch of the dungeon, and saw 4 of its levels.

You collected 25 gold pieces.

Inventory:

Hand Weapons
 a - a +0 war axe (weapon)
Missiles
 c - 3 throwing nets (quivered)
Armour
 b - a +0 hat (worn)
Scrolls
 e - a scroll of enchant weapon {unknown}
 h - 2 scrolls of identify {unknown}
 i - a scroll of amnesia {unknown}
 j - 2 scrolls of teleportation {unknown}
 k - 2 scrolls of blinking {unknown}
 l - a scroll of enchant armour {unknown}
 n - a scroll of noise {unknown}
Potions
 f - a potion of flight {unknown}
 g - a potion of lignification {unknown}
 m - a potion of mutation {unknown}
 o - a potion of curing {unknown}
Comestibles
 d - 2 rations


   Skills:
 + Level 3.2 Fighting
 * Level 4.3 Axes
 - Level 1.7 Throwing
 + Level 3.3 Dodging


You had 3 spell levels left.
You didn't know any spells.
Your spell library was empty.

Dungeon Overview and Level Annotations

Branches:
Dungeon (4/15)
 Temple: D:4-7

Altars:
Ashenzari


Innate Abilities, Weirdness & Mutations

Your plain brown scales are hard. (AC +5)
You cannot fit into any form of body armour.
You are cold-blooded and may be slowed by cold attacks.


Message History

You start resting.
An ogre comes into view. It is wielding a +0 giant club.
An ogre is nearby!
The ogre shouts!
You see here a blue potion.
You hit the ogre.
The ogre is lightly wounded.
The ogre misses you.
You slash the ogre!
You tail-slap the ogre, but do no damage.
The ogre is moderately wounded.
The ogre hits you with a +0 giant club!
You hit the ogre.
The ogre is moderately wounded.
The ogre barely misses you.
You hit the ogre.
The ogre is heavily wounded.
The ogre hits you with a +0 giant club!!
Ouch! That really hurt!
You die...

##......(...# [....##
#.........###......#
#.####.....#..#.....
... #...#....##.....
##.......##..<.#......
#..##..###...........
##. #.##........ ..
#........... ...
#...@O...##. ...
#.......##
#.....†.......#
#..##.....##.....
##(...........
..............
..............#
.........###..#
#.......##


You could see an ogre.

Vanquished Creatures
  A hound (D:4)
  A worker ant (D:4)
  3 adders (D:3)
  2 leopard geckos
  A giant cockroach (D:3)
  A goblin (D:3)
  A hobgoblin (D:1)
  4 jackals (D:3)
  2 kobolds (D:3)
  2 frilled lizards (D:3)
  3 rats
21 creatures vanquished.

Notes
Turn   | Place    | Note
-------+----------+-------------------------------------------
     0 | D:1      | Lanoc the Draconian Gladiator began the quest for the Orb.
     0 | D:1      | Reached XP level 1. HP: 17/17 MP: 1/1
   138 | D:3      | Reached XP level 2. HP: 15/25 MP: 2/2
   529 | D:3      | Found a shattered altar of Ashenzari.
   566 | D:3      | Reached XP level 3. HP: 26/30 MP: 3/3
   804 | D:4      | Reached skill level 4 in Axes
   804 | D:4      | Reached XP level 4. HP: 27/38 MP: 4/4
   939 | D:4      | Noticed an ogre
   946 | D:4      | Slain by an ogre

Levels and vault maps discovered:
D:1:      minmay_arrival_up_and_down, layout_rooms, nrook_mini_vaults
D:2:      layout_basic, first_ration
D:3:      layout_rooms, ashenzari_altar_1
D:4:      layout_cave_pools, minitemple, st_stairs_7, xom_teletrap_fun,
          uniq_crazy_yiuf_cottage

Skill      XL: |  1  2  3 |
---------------+----------+-----
Dodging        | 3 |  3.3
Fighting       | 3 |  3.2
Axes           | 4 |  4.3
Throwing       | |  1.7

Action                   |  1- 3 |  4- 6 || total
-------------------------+-------+-------++-------
Melee: War axe           |    47 |    16 ||    63
       Tailslap          |     4 |     3 ||     7
Armor: Skin              |    23 |     2 ||    25
Dodge: Dodged            |    38 |    17 ||    55

Table legend:
 A = Non-vault XP
 B = Vault XP
 C = Vault XP percentage of total XP
 D = Non-vault monster count
 E = Vault monster count
 F = Vault count percentage of total count
                 A         B        C        D         E       F
            +---------+---------+-------+---------+---------+-------
      Total |     143 |       0 |   0.0 |      21 |       0 |   0.0
            +---------+---------+-------+---------+---------+-------
        D:1 |       3 |       0 |   0.0 |       2 |       0 |   0.0
        D:2 |       1 |       0 |   0.0 |       1 |       0 |   0.0
        D:3 |      61 |       0 |   0.0 |      15 |       0 |   0.0
        D:4 |      78 |       0 |   0.0 |       3 |       0 |   0.0
            +---------+---------+-------+---------+---------+-------
